Map: Radhuset Station LE

Players

SubN - Winner!

  • Race: Zerg Zerg
  • League: Diamond
  • Spawn Location: 7:00

arnolsr

  • Race: Terran Terran
  • League: Platinum
  • Spawn Location: 1:00

VOD

Have the link to the VOD?

Description

Time

  • Played on: Dec. 19, 2023, 11:56 a.m.
  • Length: 25:23
Show
View Real Time Build Order
Export as new Build Order

SubN Zerg - Winner!

Build Orders: Hatch First 

Get SALT Encoding   

  12  0:01  Drone  
  13  0:12  Overlord  
  13  0:17  Drone  
  14  0:30  Drone x2  
  16  0:50  Hatchery  
  16  0:55  Drone  
  16  0:56  Drone  
  17  1:00  Drone  
  17  1:03  Extractor  
  17  1:17  Spawning Pool  
  16  1:20  Drone  
  16  1:24  Drone  
  18  1:29  Drone  
  19  1:55  Drone  
  19  1:56  Drone  
  21  2:05  Queen x2  
  25  2:09  Zergling x4  
  27  2:16  Metabolic Boost  
  27  2:23  Overlord  
  27  2:40  Overlord  
  27  2:42  Drone  
  27  2:43  Drone x3  
  31  2:55  Drone  
  31  2:56  Drone x2  
  34  3:08  Lair  
  34  3:11  Overlord  
  34  3:20  Queen  
  36  3:29  Drone x3  
  36  3:33  Hatchery  
  38  3:36  Drone x3  
  38  3:37  Drone  
  41  3:44  Drone x2  
  43  3:52  Extractor  
  42  3:57  Spore Crawler  
  42  3:59  Queen  
  43  4:08  Drone x6  
  43  4:09  Drone  
  50  4:17  Roach Warren  
  50  4:18  Extractor x2  
  50  4:19  Drone  
  48  4:37  Overlord x3  
  48  4:39  Overlord  
  48  4:45  Drone  
  48  4:49  Overlord x3  
  49  4:54  Queen x2  
  53  5:05  Baneling Nest  
  53  5:06  Overseer  
  46  5:15  Drone x11, Spore Crawler  
  56  5:23  Overseer  
  56  5:25  Drone x2  
  58  5:34  Spore Crawler  
  57  5:40  Drone  
  57  5:42  Baneling Nest  
  57  5:43  Drone x3  
  57  5:47  Queen  
  62  5:59  Centrifugal Hooks  
  62  6:05  Drone  
  62  6:06  Hydralisk Den  
  62  6:07  Drone x6  
  68  6:12  Pneumatized Carapace  
  68  6:20  Drone x5  
  68  6:21  Drone  
  68  6:24  Extractor  
  73  6:49  Drone x2  
  73  6:50  Drone x2  
  73  6:51  Drone x2  
  73  6:52  Spore Crawler  
  73  6:53  Drone x7  
  85  7:00  Grooved Spines  
  85  7:06  Drone  
  86  7:11  Hatchery, Infestation Pit  
  86  7:12  Drone x2  
  86  7:14  Evolution Chamber  
  85  7:19  Evolution Chamber, Extractor  
  83  7:22  Spore Crawler  
  82  7:33  Overlord  
  82  7:34  Overlord x5  
  82  7:41  Spore Crawler  
  82  7:44  Zerg Ground Armor Level 1  
  81  7:46  Zerg Melee Weapons Level 1  
  81  7:48  Hive  
  81  7:51  Muscular Augments  
  81  8:02  Hydralisk  
  81  8:03  Hydralisk x9  
  81  8:04  Hydralisk x3  
  107  8:06  Hydralisk  
  107  8:09  Hydralisk  
  111  8:25  Drone x13  
  124  8:28  Queen  
  126  8:50  Zergling x28  
  140  9:02  Zergling x2  
  141  9:03  Zergling x10  
  145  9:10  Baneling  
  145  9:11  Baneling x25  
  145  9:12  Baneling x2  
  145  9:15  Zergling x2  
  146  9:18  Overlord x2  
  146  9:19  Overlord x2  
  123  9:43  Zergling x8  
  123  9:44  Zergling x14  
  133  10:04  Zergling x2, Hatchery  
  133  10:05  Zergling x14  
  133  10:06  Extractor  
  139  10:19  Spore Crawler  
  139  10:20  Spore Crawler  
  127  10:27  Baneling  
  127  10:28  Baneling x19  
  125  10:29  Baneling x18  
  125  10:30  Zergling x2  
  125  10:31  Zergling x20  
  136  10:41  Drone x3  
  139  10:49  Overlord  
  139  10:51  Overlord  
  139  10:54  Overlord  
  139  10:55  Overlord  
  139  10:57  Overseer  
  139  11:02  Hatchery  
  138  11:10  Drone x5  
  138  11:11  Drone x4  
  111  11:28  Zergling x12  
  111  11:29  Zergling x12  
  111  11:39  Extractor  
  110  11:40  Hydralisk  
  110  11:41  Hydralisk x5  
  122  11:49  Baneling  
  122  11:50  Baneling x18  
  122  11:51  Baneling x5  
  122  12:00  Hydralisk x5  
  132  12:04  Zergling x2  
  132  12:05  Zergling x4  
  132  12:06  Zergling x2  
  135  12:16  Zergling x2  
  135  12:17  Zergling x6  
  137  12:31  Zergling x2  
  137  12:32  Zergling x20  
  148  12:41  Zerg Melee Weapons Level 2, Zerg Missile Weapons Level 1  
  141  12:55  Zergling x22  
  117  13:18  Zergling x2  
  117  13:19  Zergling x22  
  124  13:21  Baneling x6  
  124  13:22  Baneling x13  
  122  13:48  Hatchery  
  119  13:57  Viper x4  
  127  14:23  Zergling x2  
  127  14:24  Zergling x10  
  133  14:25  Ultralisk Cavern  
  133  14:28  Overlord  
  132  14:31  Hydralisk  
  132  14:33  Hatchery  
  133  14:40  Hatchery  
  123  15:23  Zergling x2  
  123  15:24  Zergling x34  
  123  15:27  Ultralisk x2  
  123  15:28  Ultralisk  
  159  15:31  Chitinous Plating  
  159  15:44  Drone x9  
  159  15:45  Drone  
  166  16:02  Overseer  
  166  16:07  Ultralisk x2  
  178  16:13  Hydralisk x6  
  173  16:39  Ultralisk x3  
  153  16:49  Zergling x24  
  153  16:50  Zergling x16, Anabolic Synthesis  
  173  17:02  Queen  
  173  17:03  Queen  
  173  17:05  Zergling x20  
  187  17:08  Queen  
  187  17:13  Adrenal Glands  
  189  17:16  Zerg Melee Weapons Level 3  
  189  17:25  Extractor  
  188  17:30  Baneling x9  
  188  17:31  Baneling x12  
  188  17:33  Hydralisk  
  192  17:38  Queen  
  159  18:04  Overseer x4  
  159  18:09  Drone x18  
  176  18:40  Hydralisk  
  176  18:41  Hydralisk x9  
  196  19:09  Zergling x2  
  194  19:20  Extractor  
  160  19:35  Zergling x24  
  160  19:36  Zergling x36  
  182  19:48  Overlord x3  
  182  19:49  Overlord x3  
  168  20:15  Hatchery, Extractor  
  168  20:17  Extractor  
  152  20:35  Zergling x2  
  140  20:36  Zergling x40  
  140  20:39  Ultralisk x6  
  195  20:48  Zerg Missile Weapons Level 2  
  195  20:49  Zerg Ground Armor Level 2  
  191  20:59  Extractor  
  191  21:00  Extractor  
  189  21:09  Baneling  
  189  21:10  Baneling x14  
  189  21:11  Baneling x4  
  189  21:13  Zergling x2  
  189  21:14  Zergling x18  
  182  21:59  Hatchery  
  182  22:00  Extractor  
  182  22:01  Extractor  
  144  22:16  Zergling x2  
  144  22:17  Zergling x52  
  144  22:18  Zergling x38  
  178  22:35  Ultralisk x2  
  178  22:37  Viper x3  
  178  22:41  Hydralisk  
  178  22:42  Hydralisk x5  
  181  23:37  Hydralisk  
  181  23:38  Hydralisk x6  
  181  23:40  Zergling x2  
  181  23:41  Zergling x6  
Show
View Real Time Build Order
Export as new Build Order

arnolsr Terran 

Build Orders: Mech 

Get SALT Encoding   

  12  0:00  SCV  
  13  0:12  SCV  
  14  0:17  Supply Depot  
  14  0:24  SCV  
  15  0:38  SCV  
  15  0:39  Barracks  
  16  0:51  SCV  
  16  0:56  Refinery  
  17  1:03  SCV  
  18  1:15  SCV  
  19  1:26  Marine  
  19  1:29  Orbital Command  
  20  1:43  Command Center  
  20  1:51  Refinery  
  20  1:53  Reaper  
  21  2:00  SCV  
  22  2:05  Supply Depot  
  22  2:12  SCV  
  23  2:24  Factory  
  23  2:26  SCV  
  24  2:30  Bunker  
  24  2:31  Barracks Reactor  
  24  2:39  SCV  
  25  2:51  SCV  
  26  2:56  Orbital Command, Supply Depot  
  26  3:03  SCV  
  27  3:09  Starport  
  27  3:12  Factory Reactor  
  27  3:15  Marine, SCV  
  27  3:17  Marine  
  30  3:22  SCV  
  31  3:27  SCV  
  31  3:34  Refinery, SCV  
  33  3:37  Supply Depot  
  33  3:39  SCV  
  33  3:40  Marine  
  35  3:46  SCV  
  36  3:53  SCV  
  36  3:55  Widow Mine x2  
  41  3:56  Medivac  
  41  3:58  SCV  
  44  4:03  Refinery  
  44  4:05  SCV  
  44  4:08  Marine  
  46  4:10  SCV  
  47  4:17  SCV  
  47  4:22  SCV  
  47  4:23  Widow Mine x2  
  53  4:29  SCV  
  53  4:34  SCV  
  54  4:41  SCV  
  55  4:46  SCV  
  55  4:47  Command Center  
  55  4:49  Starport Reactor, Factory  
  56  4:53  SCV  
  56  4:54  Barracks  
  56  4:56  Marine x2  
  56  4:58  SCV  
  60  5:05  SCV  
  61  5:14  SCV  
  62  5:25  Supply Depot  
  62  5:27  Supply Depot, Engineering Bay  
  62  5:29  Ghost Academy  
  62  5:44  Barracks Tech Lab, Factory Tech Lab  
  62  5:46  Cyclone x2, Marine x2, SCV x2  
  62  5:48  Supply Depot  
  70  5:51  Supply Depot  
  70  5:53  Supply Depot  
  70  5:55  Medivac  
  72  5:58  SCV x2  
  74  6:06  Marine x2  
  74  6:08  Stimpack  
  74  6:10  SCV  
  74  6:11  Siege Tank  
  80  6:12  SCV  
  80  6:14  Refinery  
  79  6:37  Refinery, SCV x2  
  75  6:44  Orbital Command  
  75  6:45  Marine x2  
  77  6:49  SCV x2  
  77  6:50  Factory  
  77  6:51  Barracks  
  79  6:56  Barracks  
  79  6:59  Barracks  
  79  7:00  Marine  
  79  7:01  SCV x2  
  82  7:02  Marine  
  83  7:10  Marine  
  84  7:17  SCV x3  
  84  7:18  Marauder  
  84  7:20  Marine  
  84  7:22  Medivac x2  
  94  7:26  Terran Infantry Weapons Level 1  
  94  7:28  Marine  
  94  7:29  SCV  
  96  7:31  Engineering Bay  
  96  7:33  Personal Cloaking  
  96  7:34  Armory  
  96  7:35  Armory  
  96  7:36  SCV  
  96  7:37  SCV  
  98  7:38  Marine  
  98  7:39  Barracks Reactor, Factory Tech Lab  
  98  7:41  SCV  
  98  7:42  Marine  
  98  7:43  Barracks Tech Lab  
  101  7:46  Marine  
  101  7:49  SCV  
  101  7:50  Barracks Tech Lab  
  103  7:52  Siege Tank, Medivac x2  
  103  7:54  Hellion x2  
  103  7:56  Marine  
  115  8:00  Marine  
  115  8:01  SCV  
  117  8:07  Supply Depot  
  117  8:09  Supply Depot  
  117  8:10  Supply Depot  
  117  8:26  Terran Infantry Armor Level 1, Terran Vehicle Weapons Level 1  
  117  8:28  Marine x2, SCV x2  
  117  8:29  Marauder, Hellion, Supply Depot  
  117  8:30  Marine x4  
  117  8:33  Supply Depot  
  129  8:46  Marauder, Marine  
  129  8:48  Marine  
  132  8:50  Command Center  
  132  8:51  Hurricane Engines, Infernal Pre-Igniter  
  132  8:54  Marine x2  
  140  8:55  Siege Tank x2  
  140  8:59  Nuke  
  143  9:13  Marine x3  
  143  9:14  Marauder x2, Marine  
  143  9:15  Cyclone x2  
  143  9:16  Marine  
  155  9:17  Unknown  
  152  9:27  Siege Tank  
  152  9:31  Marine x2  
  155  9:32  Marine  
  155  9:35  Marauder x2  
  155  9:36  Marauder, Marine  
  125  9:40  Siege Tank  
  125  9:44  SCV x3  
  122  9:49  Marine x2  
  122  9:50  Cyclone  
  126  9:56  Marauder  
  126  9:59  Marine x2  
  132  10:00  Siege Tank  
  132  10:07  Planetary Fortress  
  130  10:11  Refinery  
  130  10:12  Refinery, Siege Tank  
  133  10:15  Sensor Tower  
  130  10:22  Medivac x2  
  130  10:24  Marauder x2, Marine x2  
  130  10:25  Unknown  
  130  10:28  SCV x3  
  143  10:32  Siege Tank  
  146  10:40  SCV x2  
  148  10:42  Marine  
  148  10:43  Supply Depot, Marine x3  
  148  10:44  Supply Depot  
  148  10:45  Supply Depot  
  148  10:46  Marauder  
  157  10:52  Medivac x2  
  157  10:54  Marine  
  157  10:55  Marauder  
  161  10:58  Factory Tech Lab  
  161  11:00  Marine  
  161  11:01  SCV x3  
  165  11:07  Marauder  
  165  11:08  Supply Depot  
  165  11:11  Marine x3  
  168  11:12  Marauder, Siege Tank  
  168  11:14  Cyclone  
  168  11:16  Marauder  
  147  11:28  Marine x2  
  147  11:29  Marauder  
  146  11:34  Marauder  
  146  11:36  Medivac x2  
  146  11:38  Marauder, Marine x2  
  156  11:40  Cyclone x2  
  156  11:44  Siege Tank  
  156  11:45  Marine  
  164  11:50  Marauder  
  166  11:55  Marauder  
  166  11:59  Marauder  
  170  12:06  Medivac x2  
  174  12:12  Marauder, Marine x4, Siege Tank  
  181  12:16  Marauder  
  181  12:17  Siege Tank  
  181  12:20  Marauder  
  188  12:24  Cyclone x2  
  188  12:29  Marine  
  192  12:30  Marine  
  192  12:34  Marauder  
  192  12:36  Marine x2, Medivac  
  145  13:15  Marine  
  145  13:16  Marauder x2, Marine x3  
  145  13:18  Cyclone x2, Siege Tank  
  145  13:19  Siege Tank  
  152  13:22  Marauder, Unknown  
  154  13:28  Barracks  
  154  13:30  Barracks  
  154  13:33  Marine x2  
  156  13:35  Command Center  
  156  13:37  Marauder x2  
  156  13:39  Barracks  
  156  13:40  Command Center  
  156  13:42  Medivac  
  156  13:43  Medivac  
  159  13:50  Hellion, Siege Tank  
  159  13:51  Hellion, Hellbat  
  165  13:59  Marauder  
  165  14:04  Marine x3  
  168  14:12  Marauder, Unknown, Hellbat x2  
  168  14:15  Marine  
  175  14:17  Barracks Reactor  
  175  14:18  Barracks Tech Lab  
  175  14:20  Marauder  
  175  14:22  Hellbat  
  175  14:23  Hellbat  
  181  14:26  Barracks Tech Lab  
  181  14:27  Marauder, Unknown  
  183  14:43  Siege Tank  
  186  14:54  Sensor Tower  
  186  15:00  Viking x2  
  187  15:11  Marine x2  
  187  15:14  Marine  
  200  15:21  Refinery  
  200  15:41  Unknown x2  
  200  15:42  Unknown x3  
  200  15:44  Refinery  
  194  16:14  Marine x4  
  194  16:15  Marauder  
  198  16:19  Nuke, Terran Infantry Weapons Level 2  
  198  16:20  Terran Infantry Armor Level 2, Terran Vehicle Weapons Level 2  
  198  16:22  Terran Vehicle And Ship Armor Level 1  
  182  16:35  Marauder x3  
  182  16:36  Marauder, Marine x2  
  182  16:37  Marauder  
  127  16:49  Marine x2  
  127  16:50  Marine  
  127  16:51  Marine  
  130  16:55  Cyclone x2, Siege Tank x2  
  130  16:56  Marauder, Marine  
  130  16:57  Marauder x3, Marine  
  130  16:58  Marauder  
  152  17:07  Marine x3  
  152  17:08  Planetary Fortress  
  155  17:09  Marine  
  155  17:10  Orbital Command  
  155  17:14  Marine  
  157  17:18  Marauder x4  
  157  17:19  Marauder  
  157  17:22  Missile Turret  
  167  17:25  Marine x2  
  167  17:27  Siege Tank  
  172  17:33  Marine x3  
  172  17:34  Marine  
  172  17:35  Siege Tank  
  179  17:39  Marauder x2  
  179  17:40  Marauder x2  
  179  17:41  Marauder  
  179  17:43  Marine x2  
  191  17:59  Siege Tank  
  191  18:01  Marauder x3  
  198  18:53  Terran Infantry Armor Level 3, Terran Infantry Weapons Level 3  
  198  18:54  Terran Vehicle Weapons Level 3  
  198  18:58  Medivac  
  198  19:01  Factory Reactor, Concussive Shells, Combat Shield  
  153  19:31  Marauder x2, Marine x4  
  130  19:32  Marauder x2  
  113  19:43  Marine x2  
  113  19:44  Marauder  
  113  19:45  Siege Tank x2  
  110  19:46  Hellion x2  
  110  19:49  Marine x2  
  116  19:53  Marauder x4  
  116  19:54  Nuke  
  124  20:07  Hellion  
  124  20:08  Hellbat  
  125  20:17  Marine x3, Hellbat  
  125  20:18  Hellbat  
  106  20:31  Marine x2  
  106  20:32  Marauder x5, Marine  
  106  20:33  Hellion x2  
  106  20:35  Marine  
  116  20:38  Siege Tank  
  116  20:39  Siege Tank  
  116  20:41  Marine x2  
  115  20:53  Marauder x2  
  115  20:54  Hellion x2  
  117  21:06  Marine  
  117  21:07  Marauder, Marine x2  
  117  21:08  Medivac x2  
  117  21:11  Siege Tank x2  
  132  21:15  Cyclone, Command Center  
  134  21:21  Barracks Tech Lab  
  134  21:22  Marine  
  134  21:23  Marauder x3, Marine  
  134  21:24  Command Center  
  142  21:31  Terran Vehicle And Ship Armor Level 2  
  142  21:38  Medivac x2  
  146  21:41  Marine x3  
  146  21:42  Marauder x2  
  146  21:43  Siege Tank x2  
  151  21:57  Marauder, Marine x3  
  151  21:58  Marauder x2  
  126  22:03  Marauder  
  118  22:08  Marine  
  118  22:15  Siege Tank  
  116  22:21  Marauder, Marine x4  
  116  22:22  Marauder x2  
  119  22:25  Marauder, Siege Tank  
  119  22:26  Cyclone  
  124  22:34  Medivac x2  
  124  22:36  Marine x2  
  123  22:40  Planetary Fortress  
  123  22:41  Barracks  
  127  22:45  Refinery  
  127  22:47  Siege Tank  
  130  22:51  Marine x3  
  130  22:58  Siege Tank  
  136  23:04  Medivac x2  
  136  23:05  Hellion x2  
  113  23:08  Refinery  
  113  23:11  Unknown x2  
  106  23:19  Hellion, Marine x3  
  109  23:20  Marauder x4, Marine x3  
  106  23:34  Medivac  
  108  23:37  Barracks Tech Lab, Marine x3  
  113  23:41  Marauder x2  
  113  23:43  Orbital Command  
  91  24:11  Marine  
  89  24:28  SCV  
  69  24:55  Marine  
Tags
 
Composition
Mech
Matchup
TvZ
Replay Pack
2025 replay dump
Spawn Locations
Cross Positions
Add a new tag
Caveats
  • Supply blocks, unpowered buildings, or Contaminate may cause inaccurate times.
  • Supply counts are checked every 10 seconds.